cohdb
Replays
Latest Replays
All Replays
Popular Replays
Top Player Replays
Match Explorer
How It Works
Community
CoH3 Stats
Reddit
Sign in to upload your games and track your stats! →
Sign in with Steam
Match 25585428
Unlisted
Match 25585428
Overview
Messages
Build Orders
End
Selects Air and Sea Battlegroup
Construct Section Command Post
Vickers Machine Gun Team
Infantry Section
Infantry Section
Construct Field Infirmary
ML 3-inch Mortar Team
Construct Platoon Command Post
Selects Supply Surplus
Unlock Bishop Self-propelled Artillery
Royal Engineer Section
Selects Commando Section Paradrop
6-pounder Anti-tank Gun Team
Construct Company Command Post
Selects M1 Pack Howitzer Paradrop
Selects Incendiary Bombing Run
Incendiary Bombing Run
Matilda II Heavy Tank
Incendiary Bombing Run
Stalingradec
chx
Johnled
UH|dun! ツ
UH|BluEskY
Warbringer
0
0
Comments
sign in to comment!
No comments posted yet!